| TOP OF THE 1ST |
|
Williamsport Crosscutters batting - Pitching for State College Spikes : RHP Marcos Vergara
|
|
Pitching: RHP Marcos Vergara
|
|
|
Batting: LHB Brent Dutcher
|
0-0: Swinging Strike 0-1: Ball 1-1: Called Strike 1-2: Foul Ball, location: 2F 1-2: Ground out 3-1 (Groundball, 34S, EV 88.1 MPH)
|
|
Batting: RHB Robby Adair
|
0-0: Ball 1-0: Called Strike 1-1: Ball 2-1: Foul Ball, location: 2F 2-2: Strikes out swinging
|
|
Batting: RHB Tak-keung Chieu
|
0-0: Called Strike 0-1: Ball 1-1: Ball 2-1: Foul Ball, location: 2F 2-2: Ball 3-2: Fly out, F7 (Flyball, 78S, EV 88.8 MPH)
|
| Top of the 1st over - 0 runs, 0 hits, 0 errors, 0 left on base; Williamsport 0 - State College 0 |
| BOTTOM OF THE 1ST |
|
State College Spikes batting - Pitching for Williamsport Crosscutters : RHP Mokichi Furuta
|
|
Pitching: RHP Mokichi Furuta
|
|
|
Batting: RHB Ben Politi
|
0-0: SINGLE (Line Drive, 34, EV 96.2 MPH)
|
|
Batting: RHB Chris Norris
|
0-0: Ball Ben Politi is caught stealing 2nd base 2-4 1-0: Ground out 4-3 (Groundball, 4, EV 78.8 MPH)
|
|
Batting: RHB Joe Alley
|
0-0: Ball 1-0: Called Strike 1-1: Ball 2-1: Ball 3-1: Called Strike 3-2: SINGLE (Groundball, 56D, EV 96.2 MPH)
|
|
Batting: RHB Tyler Walker
|
0-0: Ball 1-0: Swinging Strike 1-1: Fly out, F9 (Line Drive, 89M, EV 93.8 MPH)
|
| Bottom of the 1st over - 0 runs, 2 hits, 0 errors, 1 left on base; Williamsport 0 - State College 0 |
| TOP OF THE 2ND |
|
Williamsport Crosscutters batting - Pitching for State College Spikes : RHP Marcos Vergara
|
|
Batting: LHB Matt Calitri
|
0-0: DOUBLE (Line Drive, 7LM, EV 96.9 MPH)
|
|
Batting: RHB Josh Baker
|
0-0: Called Strike 0-1: Foul Ball, location: 2F 0-2: Ball Balk! Matt Calitri to third 1-2: Ground out 6-3 (Groundball, 6S, EV 76.2 MPH) Matt Calitri scores
|
|
Batting: RHB Bryan Alfaro
|
0-0: Ball 1-0: Ball 2-0: Ball 3-0: Called Strike 3-1: Base on Balls
|
|
Batting: RHB Leon Edwards
|
0-0: Ball 1-0: Ball 2-0: Fielders Choice at 2nd, 6-4 (Groundball, 6, EV 86.9 MPH)
|
|
Batting: RHB Jeremy Mercer
|
0-0: Foul Ball, location: 2F 0-1: Foul Ball, location: 2F 0-2: Ball 1-2: Foul Ball, location: 2F 1-2: Ball 2-2: Strikes out swinging
|
| Top of the 2nd over - 1 run, 1 hit, 0 errors, 1 left on base; Williamsport 1 - State College 0 |
| BOTTOM OF THE 2ND |
|
State College Spikes batting - Pitching for Williamsport Crosscutters : RHP Mokichi Furuta
|
|
Batting: RHB Tommy Tracy
|
0-0: Ground out 5-3 (Groundball, 56S, EV 68.1 MPH)
|
|
Batting: RHB Brad Payne
|
0-0: Ball 1-0: Called Strike 1-1: Fly out, F7 (Flyball, 78S, EV 78.8 MPH)
|
|
Batting: RHB Vic Nelson
|
0-0: Ball 1-0: Called Strike 1-1: Foul Ball, location: 2F 1-2: Ball 2-2: Ball 3-2: Strikes out swinging
|
| Bottom of the 2nd over - 0 runs, 0 hits, 0 errors, 0 left on base; Williamsport 1 - State College 0 |
| TOP OF THE 3RD |
|
Williamsport Crosscutters batting - Pitching for State College Spikes : RHP Marcos Vergara
|
|
Batting: RHB Marcus Carter
|
0-0: Ball 1-0: Foul Ball, location: 2F 1-1: Foul Ball, location: 2F 1-2: Strikes out swinging
|
|
Batting: LHB Brent Dutcher
|
0-0: Ball 1-0: Ball 2-0: Called Strike 2-1: Swinging Strike 2-2: Ground out 6-3 (Groundball, 6, EV 100.0 MPH)
|
|
Batting: RHB Robby Adair
|
0-0: Swinging Strike 0-1: Ball 1-1: Called Strike 1-2: Ball 2-2: Ball 3-2: Strikes out looking
|
| Top of the 3rd over - 0 runs, 0 hits, 0 errors, 0 left on base; Williamsport 1 - State College 0 |
| BOTTOM OF THE 3RD |
|
State College Spikes batting - Pitching for Williamsport Crosscutters : RHP Mokichi Furuta
|
|
Batting: SHB Gerardo Macias
|
0-0: Called Strike 0-1: Called Strike 0-2: Foul Ball, location: 2F 0-2: Strikes out swinging, 2-3 out at first.
|
|
Batting: RHB Alex Melgoza
|
0-0: Ball 1-0: Foul Ball, location: 2F 1-1: Called Strike 1-2: Foul Ball, location: 2F 1-2: Ball 2-2: Foul Ball, location: 2F 2-2: Ball 3-2: Base on Balls
|
|
Batting: RHB Ben Politi
|
0-0: Called Strike 0-1: Called Strike 0-2: Foul Ball, location: 2F 0-2: Foul Ball, location: 2F 0-2: Ball 1-2: Ball 2-2: Foul Ball, location: 2F 2-2: Strikes out swinging
|
|
Batting: RHB Chris Norris
|
0-0: Called Strike 0-1: Ball 1-1: Ball 2-1: Foul Ball, location: 2F 2-2: Ball 3-2: Foul Ball, location: 2F 3-2: Ground out 4-3 (Groundball, 4, EV 89.4 MPH)
|
| Bottom of the 3rd over - 0 runs, 0 hits, 0 errors, 1 left on base; Williamsport 1 - State College 0 |
| TOP OF THE 4TH |
|
Williamsport Crosscutters batting - Pitching for State College Spikes : RHP Marcos Vergara
|
|
Batting: RHB Tak-keung Chieu
|
0-0: Ball 1-0: Foul Ball, location: 2F 1-1: Swinging Strike 1-2: Foul Ball, location: 2F 1-2: Ball 2-2: Ball 3-2: Base on Balls
|
|
Batting: LHB Matt Calitri
|
0-0: Fly out, F8 (Line Drive, 8LM, EV 98.1 MPH)
|
|
Batting: RHB Josh Baker
|
0-0: Ball 1-0: Foul Ball, location: 2F 1-1: Swinging Strike 1-2: SINGLE (Groundball, 6MD, EV 95.0 MPH) Tak-keung Chieu to second
|
|
Batting: RHB Bryan Alfaro
|
0-0: Called Strike 0-1: Ball 1-1: Fielders Choice at 2nd, 1-4 (Groundball, P, EV 63.1 MPH) Tak-keung Chieu to third
|
|
Batting: RHB Leon Edwards
|
0-0: Called Strike 0-1: Ground out U3 (Groundball, 3, EV 80.6 MPH)
|
| Top of the 4th over - 0 runs, 1 hit, 0 errors, 2 left on base; Williamsport 1 - State College 0 |
| BOTTOM OF THE 4TH |
|
State College Spikes batting - Pitching for Williamsport Crosscutters : RHP Mokichi Furuta
|
|
Batting: RHB Joe Alley
|
0-0: Ball 1-0: Ground out 6-3 (Groundball, 6, EV 100.6 MPH)
|
|
Batting: RHB Tyler Walker
|
0-0: Ball 1-0: Ball 2-0: Foul Ball, location: 2F 2-1: Swinging Strike 2-2: Strikes out swinging
|
|
Batting: RHB Tommy Tracy
|
0-0: Foul Ball, location: 2F 0-1: Ball 1-1: Ball 2-1: Ground out 6-3 (Groundball, 56, EV 106.2 MPH)
|
| Bottom of the 4th over - 0 runs, 0 hits, 0 errors, 0 left on base; Williamsport 1 - State College 0 |
| TOP OF THE 5TH |
|
Williamsport Crosscutters batting - Pitching for State College Spikes : RHP Marcos Vergara
|
|
Batting: RHB Jeremy Mercer
|
0-0: Swinging Strike 0-1: Fly out, F9 (Line Drive, 9S, EV 99.4 MPH)
|
|
Batting: RHB Marcus Carter
|
0-0: Called Strike 0-1: Ball 1-1: Ball 2-1: Ground out 6-3 (Groundball, 6, EV 109.4 MPH)
|
|
Batting: LHB Brent Dutcher
|
0-0: Called Strike 0-1: Fly out, F8 (Flyball, 8LM, EV 95.0 MPH)
|
| Top of the 5th over - 0 runs, 0 hits, 0 errors, 0 left on base; Williamsport 1 - State College 0 |
| BOTTOM OF THE 5TH |
|
State College Spikes batting - Pitching for Williamsport Crosscutters : RHP Mokichi Furuta
|
|
Batting: RHB Brad Payne
|
0-0: Called Strike 0-1: Ball 1-1: Ball 2-1: Ball 3-1: Foul Ball, location: 2F 3-2: Ground out 6-3 (Groundball, 6S, EV 86.2 MPH)
|
|
Batting: RHB Vic Nelson
|
0-0: Called Strike 0-1: Foul Ball, location: 2F 0-2: Ball 1-2: Foul Ball, location: 2F 1-2: SINGLE (Groundball, P, EV 86.9 MPH) (infield hit)
|
|
Batting: SHB Gerardo Macias
|
0-0: Foul Ball, location: 2F 0-1: Ball 1-1: Foul Ball, location: 2F 1-2: Foul Ball, location: 2F 1-2: Ball 2-2: Fly out, F7 (Flyball, 78D, EV 85.0 MPH)
|
|
Batting: RHB Alex Melgoza
|
0-0: Ball 1-0: Foul Ball, location: 2F 1-1: Fly out, F3 (Popup, 3SF, EV 75.6 MPH)
|
| Bottom of the 5th over - 0 runs, 1 hit, 0 errors, 1 left on base; Williamsport 1 - State College 0 |
| TOP OF THE 6TH |
|
Williamsport Crosscutters batting - Pitching for State College Spikes : RHP Marcos Vergara
|
|
Pitching: LHP Andy Fitzsimmons
|
|
|
Batting: RHB Robby Adair
|
0-0: Foul Ball, location: 2F 0-1: Foul Ball, location: 2F 0-2: Strikes out swinging
|
|
Batting: RHB Tak-keung Chieu
|
0-0: Ball 1-0: Ball 2-0: Ball 3-0: Base on Balls
|
|
Batting: LHB Matt Calitri
|
0-0: Ball 1-0: Ball 2-0: Ball 3-0: Base on Balls Tak-keung Chieu to second
|
|
Batting: RHB Josh Baker
|
0-0: Ball 1-0: Called Strike 1-1: Foul Ball, location: 2F 1-2: Strikes out swinging
|
|
Batting: RHB Bryan Alfaro
|
0-0: Called Strike 0-1: Ball 1-1: Swinging Strike 1-2: Foul Ball, location: 2F 1-2: Ball Wild Pitch! Tak-keung Chieu to third Matt Calitri to second 2-2: Ball 3-2: Base on Balls
|
|
Batting: RHB Leon Edwards
|
0-0: Ground out U3 (Groundball, 34, EV 82.5 MPH)
|
| Top of the 6th over - 0 runs, 0 hits, 0 errors, 3 left on base; Williamsport 1 - State College 0 |
| BOTTOM OF THE 6TH |
|
State College Spikes batting - Pitching for Williamsport Crosscutters : RHP Mokichi Furuta
|
|
Pinch Hitting: LHB Jorge Zarazua
|
0-0: Called Strike 0-1: Foul Ball, location: 2F 0-2: Ball 1-2: Ground out 4-3 (Groundball, 4, EV 84.4 MPH)
|
|
Batting: RHB Chris Norris
|
0-0: Ball 1-0: Called Strike 1-1: Ball 2-1: DOUBLE (Line Drive, 89XD, EV 102.5 MPH)
|
|
Batting: RHB Joe Alley
|
0-0: Ball 1-0: Ball 2-0: Foul Ball, location: 2F 2-1: Foul Ball, location: 2F 2-2: Strikes out looking
|
|
Batting: RHB Tyler Walker
|
0-0: Ball 1-0: Called Strike 1-1: Ball 2-1: Fly out, F8 (Line Drive, 8RM, EV 92.5 MPH)
|
| Bottom of the 6th over - 0 runs, 1 hit, 0 errors, 1 left on base; Williamsport 1 - State College 0 |
| TOP OF THE 7TH |
|
Williamsport Crosscutters batting - Pitching for State College Spikes : LHP Andy Fitzsimmons
|
|
Pitching: RHP Tony Bonilla
|
|
|
Now in CF: Billy Lang
|
|
|
Batting: RHB Jeremy Mercer
|
0-0: Ball 1-0: Ball 2-0: Ball 3-0: Called Strike 3-1: Foul Ball, location: 2F 3-2: SINGLE (Flyball, 78S, EV 95.0 MPH)
|
|
Batting: RHB Marcus Carter
|
0-0: Bunted foul 0-1: Ball Jeremy Mercer steals 2nd base 1-1: Bunted foul 1-2: SINGLE (Flyball, 89S, EV 98.1 MPH) Jeremy Mercer to third
|
|
Batting: LHB Brent Dutcher
|
0-0: Hit by Pitch Marcus Carter to second
|
|
Batting: RHB Robby Adair
|
0-0: SINGLE (Groundball, 6, EV 90.6 MPH) (infield hit) Jeremy Mercer scores Marcus Carter to third Brent Dutcher to second
|
|
Batting: RHB Tak-keung Chieu
|
0-0: SINGLE (Groundball, 6M, EV 106.2 MPH) Marcus Carter scores Brent Dutcher to third Robby Adair to second Runner from 3rd tries for Home, SAFE, throw by CF to home
|
|
Pitching: RHP Ricky Enriquez
|
|
|
Batting: LHB Matt Calitri
|
0-0: Ball 1-0: SINGLE (Groundball, 34D, EV 95.6 MPH) Robby Adair to third Tak-keung Chieu to second Runner from 3rd tries for Home, SAFE, throw by RF to home
|
|
Batting: RHB Josh Baker
|
0-0: Called Strike 0-1: Swinging Strike 0-2: Ball 1-2: Ball 2-2: Ball 3-2: Foul Ball, location: 2F 3-2: Fly out, F7 (Flyball, 78S, EV 77.5 MPH)
|
|
Batting: RHB Bryan Alfaro
|
0-0: Ball 1-0: Ball 2-0: Ball 3-0: Called Strike 3-1: Foul Ball, location: 2F 3-2: Fly out, F9 (Flyball, 89D, EV 98.8 MPH)
|
|
Batting: RHB Leon Edwards
|
0-0: Foul Ball, location: 2F 0-1: Ball 1-1: Called Strike 1-2: Foul Ball, location: 2F 1-2: Fly out, F8 (Flyball, 8LD, EV 102.5 MPH)
|
| Top of the 7th over - 4 runs, 5 hits, 0 errors, 2 left on base; Williamsport 5 - State College 0 |
| BOTTOM OF THE 7TH |
|
State College Spikes batting - Pitching for Williamsport Crosscutters : RHP Mokichi Furuta
|
|
Pitching: LHP Cody Bodenhamer
|
|
|
Batting: RHB Tommy Tracy
|
0-0: Called Strike 0-1: Called Strike 0-2: Strikes out swinging
|
|
Batting: RHB Brad Payne
|
0-0: Ball 1-0: Foul Ball, location: 2F 1-1: Ground out 4-3 (Groundball, 4, EV 104.4 MPH)
|
|
Batting: RHB Vic Nelson
|
0-0: SINGLE (Groundball, 56D, EV 95.6 MPH)
|
|
Batting: SHB Gerardo Macias
|
0-0: Swinging Strike 0-1: Called Strike 0-2: Ball 1-2: Strikes out swinging
|
| Bottom of the 7th over - 0 runs, 1 hit, 0 errors, 1 left on base; Williamsport 5 - State College 0 |
| TOP OF THE 8TH |
|
Williamsport Crosscutters batting - Pitching for State College Spikes : RHP Ricky Enriquez
|
|
Batting: RHB Jeremy Mercer
|
0-0: Ball 1-0: Ground out 4-3 (Groundball, 34, EV 90.0 MPH)
|
|
Batting: RHB Marcus Carter
|
0-0: Called Strike 0-1: Ball 1-1: SINGLE (Groundball, 34D, EV 96.9 MPH)
|
|
Batting: LHB Brent Dutcher
|
0-0: Ball 1-0: Foul Ball, location: 2F 1-1: Fly out, F7 (Line Drive, 78M, EV 93.1 MPH)
|
|
Batting: RHB Robby Adair
|
0-0: SINGLE (Line Drive, 89S, EV 93.1 MPH) Marcus Carter to second Runner from 2nd tries for 3rd, SAFE, no throw by RF
|
|
Batting: RHB Tak-keung Chieu
|
0-0: Called Strike 0-1: Ball 1-1: Ball Robby Adair steals 2nd base (no throw) 2-1: SINGLE (Groundball, 6MD, EV 105.6 MPH) Marcus Carter scores Robby Adair to third Throwing error, E8 Robby Adair scores Tak-keung Chieu to second
|
|
Pinch Hitting: RHB Jeff Cornett
|
0-0: Fly out, F8 (Flyball, 8RD, EV 108.1 MPH)
|
| Top of the 8th over - 2 runs, 3 hits, 1 error, 1 left on base; Williamsport 7 - State College 0 |
| BOTTOM OF THE 8TH |
|
State College Spikes batting - Pitching for Williamsport Crosscutters : LHP Cody Bodenhamer
|
|
Now in CF: Jeff Cornett
|
|
|
Batting: RHB Alex Melgoza
|
0-0: DOUBLE (Line Drive, 3D, EV 95.6 MPH)
|
|
Batting: LHB Billy Lang
|
0-0: Called Strike 0-1: Fly out, F9 (Flyball, 9D, EV 100.0 MPH) Runner from 2nd tags up, SAFE at 3rd, no throw by RF
|
|
Batting: RHB Chris Norris
|
0-0: Fly out, F8 (Line Drive, 8RD, EV 98.8 MPH) Runner from 3rd tags up, SCORES, throw by CF
|
|
Batting: RHB Joe Alley
|
0-0: Called Strike 0-1: Foul Ball, location: 2F 0-2: Strikes out looking
|
| Bottom of the 8th over - 1 run, 1 hit, 0 errors, 0 left on base; Williamsport 7 - State College 1 |
| TOP OF THE 9TH |
|
Williamsport Crosscutters batting - Pitching for State College Spikes : RHP Ricky Enriquez
|
|
Batting: RHB Josh Baker
|
0-0: Called Strike 0-1: Ball 1-1: Ball 2-1: Ball 3-1: Called Strike 3-2: Base on Balls
|
|
Batting: RHB Bryan Alfaro
|
0-0: Ball 1-0: Foul Ball, location: 2F 1-1: Swinging Strike 1-2: Foul Ball, location: 2F 1-2: Ball 2-2: Fielders Choice at 2nd, 1-6 (Groundball, 13, EV 64.4 MPH)
|
|
Batting: RHB Leon Edwards
|
0-0: Ball Bryan Alfaro is caught stealing 2nd base 2-4 1-0: Ball 2-0: Ball 3-0: Called Strike 3-1: Foul Ball, location: 2F 3-2: Base on Balls
|
|
Batting: RHB Jeremy Mercer
|
0-0: Swinging Strike 0-1: Ball 1-1: Ball 2-1: Ball 3-1: Called Strike 3-2: Strikes out swinging
|
| Top of the 9th over - 0 runs, 0 hits, 0 errors, 1 left on base; Williamsport 7 - State College 1 |
| BOTTOM OF THE 9TH |
|
State College Spikes batting - Pitching for Williamsport Crosscutters : LHP Cody Bodenhamer
|
|
Batting: RHB Tyler Walker
|
0-0: Ball 1-0: Foul Ball, location: 2F 1-1: Ball 2-1: Foul Ball, location: 2F 2-2: SINGLE (Flyball, 8RS, EV 87.5 MPH)
|
|
Batting: RHB Tommy Tracy
|
0-0: Ball 1-0: Foul Ball, location: 2F 1-1: Fly out, F8 (Flyball, 8RM, EV 90.0 MPH)
|
|
Batting: RHB Brad Payne
|
0-0: Ball 1-0: Called Strike 1-1: Ball 2-1: Ball 3-1: Swinging Strike 3-2: Fielders Choice at 2nd, 2-6 (Groundball, 13S, EV 68.1 MPH)
|
|
Batting: RHB Vic Nelson
|
0-0: Ball 1-0: Foul Ball, location: 2F 1-1: Called Strike 1-2: Ball 2-2: Strikes out looking
|
| Bottom of the 9th over - 0 runs, 1 hit, 0 errors, 1 left on base; Williamsport 7 - State College 1 |
|